 Dungeon Crawl Stone Soup version 0.28.0-53-g5a82cb258f (webtiles) character file.

Game seed: 13177329233778428813

151 moldycheese5 the Skirmisher (level 5, 0/42 HPs)
             Began as a Demonspawn Abyssal Knight on June 17, 2022.
             Was a Believer of Lugonu.
             Slain by an orc wizard
             ... wielding a +0 dagger
              (1 damage)
             ... on level 3 of the Dungeon.
             The game lasted 00:05:48 (2769 turns).

moldycheese5 the Skirmisher (DsAK)                  Turns: 2769, Time: 00:05:49

Health: 0/42       AC: 13    Str: 21    XL:     5   Next: 11%
Magic:  7/7        EV: 10    Int: 11    God:    Lugonu [**....]
Gold:   66         SH:  0    Dex: 14    Spells: 4/4 levels left

rFire   . . .      SeeInvis .   m - +0 broad axe
rCold   . . .      Faith    .   (no shield)
rNeg    . . .      Spirit   .   d - +0 scale mail
rPois   .          Reflect  .   h - +0 helmet
rElec   .          Harm     .   (no cloak)
rCorr   .          Rampage  .   (no gloves)
Will    .....                   (no boots)
Stlth   ..........              (no amulet)
HPRegen 0.14/turn               c - +6 ring of strength
MPRegen 0.10/turn               g - +4 ring of protection

@: no status effects
A: icy blue scales 1, demonic magic 1, demonic touch 1
a: Renounce Religion, Depart the Abyss, Bend Space


You were on level 3 of the Dungeon.
You worshipped Lugonu.
Lugonu was pleased with you.
You visited 1 branch of the dungeon, and saw 3 of its levels.
You visited the Abyss 1 time.

You collected 66 gold pieces.

Inventory:

Hand Weapons
 a - a +1 falchion
 f - a +0 vorpal flail
 m - a +0 broad axe (weapon)
Armour
 b - a +0 leather armour
 d - a +0 scale mail (worn)
 h - a +0 helmet (worn)
Jewellery
 c - a +6 ring of strength (left hand)
 g - a +4 ring of protection (right hand)
 i - a ring of ice
Scrolls
 e - a scroll of teleportation
 l - a scroll of blinking
 n - a scroll of fog {unknown}
 o - a scroll of fear {unknown}


   Skills:
 + Level 3.7 Fighting
 + Level 3.2 Long Blades
 + Level 0.8 Axes
 + Level 2.5 Armour
 + Level 1.8 Dodging
 + Level 2.7 Invocations


You had 4 spell levels left.
You didn't know any spells.
Your spell library was empty.

Dungeon Overview and Level Annotations

Branches:
Dungeon (3/15)

Altars:


Innate Abilities, Weirdness & Mutations

You are partially covered in icy blue scales. (AC +2)
Spells you cast may paralyse adjacent enemies.
Your touch may inflict minor irresistible damage on your foes.


Message History

You miss something.
You hear some strange, mumbled words.
A puff of flame appears from out of thin air!
The puff of flame hits you but does no damage.
The orc wizard casts a spell.
The orc wizard flickers and vanishes!
You cannot move.
You closely miss something. You hit something.
You feel less wooden.
Your +0 helmet unmelds from your body.
Your +0 scale mail unmelds from your body.
Something hits you but does no damage. Something hits you.
* * * LOW HITPOINT WARNING * * *
Something hits you but does no damage. x2
You closely miss something. Your touch misses something. You miss something.
Something hits you but does no damage. x2
You miss something. You completely miss something.
Something completely misses you. Something hits you but does no damage.
Something hits you.
* * * LOW HITPOINT WARNING * * *
Something hits you but does no damage.
You miss something.
You touch something.
You miss something.
You hear some strange, mumbled words.
Something tries to affect you, but you resist.
You hear some strange, mumbled words.
A puff of flame appears from out of thin air!
The puff of flame hits you but does no damage.
You miss something. You closely miss something. Something hits you.
* * * LOW HITPOINT WARNING * * *
Something hits you but does no damage.
You hear some strange, mumbled words.
A magic dart appears from out of thin air!
The magic dart hits you.
* * * LOW HITPOINT WARNING * * *
Something hits you but does no damage.
You miss something. x2; Something hits you but does no damage. x2
You barely miss something. Your touch misses something.
You barely miss something.
Something hits you but does no damage. x3
Something hits you.
You die...

#.# #..####. #.# ### ...
......##..# ## #.# #.##
....$.....##..## # ..####..##
####......##...# #
.........###
##P##......##.#.####
.#..####...###...#.....
#.#.#... .##.# ###...##.##...
#.#.#.## .##.# ###.#####)#
###.#...# .##.#
#....@{.#####...#..### .##.#
##.###{)......###..##. ..#.#
#.# ##..#............ ..).##
#.# #..##.###......## .##..#
#.......#.##..###.## ###..#
#.......#.#.)## #.# #..######
##......#...#####.##
##.##.#.#.#.#.#.#.#<#.#.#....#
##
#.................)......##.##


There were no monsters in sight!

Vanquished Creatures
  Jessica (D:2)
  An orc wizard (D:3)
  2 adders
  2 worms (D:2)
  3 dart slugs
  8 orcs
  7 bats
  5 endoplasms
  A giant cockroach (D:3)
  4 goblins
  3 hobgoblins
  4 jackals (D:3)
  2 quokkas
  6 ball pythons
  A frilled lizard (D:1)
  3 kobolds
  7 rats
60 creatures vanquished.

Notes
Turn   | Place    | Note
-------+----------+-------------------------------------------
     0 | Abyss:1  | moldycheese5 the Demonspawn Abyssal Knight began the quest
                  | for the Orb.
     0 | Abyss:1  | Reached XP level 1. HP: 18/18 MP: 2/2
     0 | D:1      | Escaped the Abyss
    94 | D:1      | Reached * piety under Lugonu
   267 | D:1      | Gained mutation: You are partially covered in icy blue
                  | scales. (AC +2) [demonic ancestry]
   267 | D:1      | Reached XP level 2. HP: 24/24 MP: 4/4
   353 | D:1      | Found a faded altar of an unknown god.
   934 | D:2      | Gained mutation: Your touch may inflict minor irresistible
                  | damage on your foes. [demonic ancestry]
   934 | D:2      | Reached XP level 3. HP: 29/29 MP: 5/5
  1046 | D:2      | Noticed Jessica
  1053 | D:2      | Killed Jessica
  1054 | D:2      | Reached skill level 1 in Dodging
  1223 | D:2      | Reached XP level 4. HP: 20/35 MP: 6/6
  2026 | D:2      | Reached ** piety under Lugonu
  2595 | D:3      | Gained mutation: Spells you cast may paralyse adjacent
                  | enemies. [demonic ancestry]
  2595 | D:3      | Reached XP level 5. HP: 39/42 MP: 7/7
  2742 | D:3      | HP: 2/42 [something (4)]
  2767 | D:3      | HP: 1/42 [something/magic dart (5)]
  2769 | D:3      | Slain by an orc wizard

Illustrated notes

Levels and vault maps discovered:
D:1:      psy_arrival_fountain, layout_basic,
          chequers_ecumenical_altar_simple_redux
D:2:      layout_loops_corners, serial_bayou, serial_bayou_lagoon_b,
          serial_bayou_pond_e, serial_bayou_pond_c, serial_bayou_shore_b,
          minmay_misc_feat_tiny, minmay_tetromino_s4, uniq_jessica
D:3:      layout_rooms, led_sif_book, serial_aquarium, aquarium_bridge_square
          [aquarium_subvault_window, aquarium_subvault_bridge,
          aquarium_subvault_window, aquarium_subvault_bridge],
          aquarium_window_fake, aquarium_window_2, aquarium_window_1,
          aquarium_view_2c, aquarium_pool_four, st_stairs_13

Skill      XL: |  1  2  3  4 |
---------------+-------------+-----
Long Blades    | 2 3 |  3.2
Armour         | 2 |  2.5
Dodging        | 1 |  1.8
Fighting       | |  3.7
Axes           | |  0.8
Invocations    | |  2.7

Action                   |  1- 3 |  4- 6 || total
-------------------------+-------+-------++-------
Melee: Falchion          |   104 |     8 ||   112
       Touch             |     5 |     5 ||    10
       Punch             |     1 |     1 ||     2
       Broad axe         |       |    99 ||    99
Invok: Depart the Abyss  |     1 |       ||     1
  Use: Scroll            |       |     4 ||     4
       Potion            |       |     2 ||     2
Armor: Scale mail        |    47 |   132 ||   179
       Leather armour    |     2 |       ||     2
       Skin              |       |    35 ||    35
Dodge: Dodged            |    40 |    77 ||   117
